 Dungeon Crawl Stone Soup version 0.30-a0-1124-g6e8f0f562f (webtiles) character file.

Game seed: 13561753901575898310

1154 LustLizard the Stinger (level 8, -4/45 HPs)
             Began as a Deep Elf Venom Mage on Apr 24, 2023.
             Was an Initiate of Hepliaklqana.
             Slain by an ice beast (10 damage)
             ... on level 6 of the Dungeon.
             The game lasted 00:16:04 (7261 turns).

LustLizard the Stinger (Deep Elf Venom Mage)        Turns: 7261, Time: 00:16:04

Health: -4/45      AC:  2    Str:  7    XL:     8   Next: 16%
Magic:  10/18      EV: 12    Int: 21    God:    Hepliaklqana [......]
Gold:   376        SH:  0    Dex: 15    Spells: 8/18 levels left

rFire   . . .        o - staff of conjuration
rCold   . . .        (no shield)
rNeg    . . .        (no body armour)
rPois   .            y - +0 helmet
rElec   .            (no cloak)
rCorr   .            i - +0 pair of gloves
SInv    .            (no boots)
Will    .....        (no amulet)
Stlth   +++          (no ring)
HPRegen 0.27/turn    (no ring)
MPRegen 0.16/turn

%: no passive effects
@: no status effects
A: no striking features
a: Renounce Religion


You were on level 6 of the Dungeon.
You worshipped Hepliaklqana.
Hepliaklqana was noncommittal.
You visited 2 branches of the dungeon, and saw 7 of its levels.

You collected 376 gold pieces.

Inventory:

Missiles
 A - 2 throwing nets
Armour
 a - a +0 robe
 i - a +0 pair of gloves (worn)
 y - a +0 helmet (worn)
 C - a +1 robe of willpower
Magical Staves
 o - a staff of conjuration (weapon)
Wands
 z - a wand of polymorph (9)
Scrolls
 c - a scroll of blinking {unknown}
 d - 2 scrolls of silence {unknown}
 e - a scroll of butterflies {unknown}
 f - 2 scrolls of magic mapping {unknown}
 g - a scroll of fog {unknown}
 h - 2 scrolls of fear {unknown}
 m - 2 scrolls of teleportation
 n - a scroll of acquirement {unknown}
 r - 2 scrolls of vulnerability {unknown}
 s - a scroll of noise {unknown}
 t - a scroll of immolation {unknown}
 u - a scroll of enchant armour {unknown}
 x - a scroll of amnesia {unknown}
Potions
 b - 2 potions of magic
 j - a potion of haste
 l - 2 potions of lignification
 p - a potion of mutation {unknown}
 q - a potion of curing
 v - a potion of attraction {unknown}
 w - a potion of might {unknown}
 B - a potion of flight {unknown}


   Skills:
 + Level 2.7 Fighting
 - Level 2.4 Dodging
 + Level 5.2 Stealth
 + Level 5.6 Spellcasting
 - Level 1.1 Transmutations
 * Level 4.9 Air Magic
 * Level 6.6 Poison Magic


You had 8 spell levels left.
You knew the following spells:

 Your Spells              Type           Power      Damage    Failure   Level
a - Sting                 Tmut/Pois      88%        1d7       1%          1
b - Poisonous Vapours     Pois/Air       60%        N/A       1%          2
c - Mephitic Cloud        Conj/Pois/Air  33%        N/A       6%          3
d - Olgreb's Toxic Radia  Pois           33%        N/A       7%          4

Your spell library contained the following spells:

 Spells                   Type           Power      Damage    Failure   Level
 Apportation              Tloc           10%        N/A       11%         1
 Alistair's Intoxication  Tmut/Pois      14%        N/A       50%         5


Dungeon Overview and Level Annotations

Branches:
Dungeon (6/15)             Temple (1/1) D:6

Altars:
Ashenzari
Dithmenos
Elyvilon
Gozag
Hepliaklqana
Kikubaaqudgha
Okawaru
Qazlal
Sif Muna
Trog
Xom
The Shining One

Shops:
D:2 (   D:3 *

Annotations:
D:6 3 runed translucent doors, jejorda2's ghost, novice MfBe


Message History

The sting hits the ice beast.
The ice beast partially resists.
The ice beast is heavily wounded.
The ice beast closely misses you.
Aiming: Sting (safe; 1% risk of failure)
Press: ? - help, Q - select action, (/) - cycle Shift-Dir - straight line, f/p - ice beast
Aim: an ice beast (severely wounded, very poisoned, 76% to hit)
The sting hits the ice beast but does no damage.
The ice beast looks as sick as possible!
The ice beast is severely wounded.
The ice beast completely misses you.
Aiming: Sting (safe; 1% risk of failure)
Press: ? - help, Q - select action, (/) - cycle Shift-Dir - straight line, f/p - ice beast
Aim: an ice beast (severely wounded, extremely poisoned, 76% to hit)
The sting hits the ice beast.
The ice beast looks as sick as possible!
The ice beast is severely wounded.
The ice beast closely misses you.
Aiming: Sting (safe; 1% risk of failure)
Press: ? - help, Q - select action, (/) - cycle Shift-Dir - straight line, f/p - ice beast
Aim: an ice beast (almost dead, extremely poisoned, 76% to hit)
The sting hits the ice beast but does no damage.
The ice beast looks as sick as possible!
The ice beast is almost dead.
The ice beast hits you. The ice beast freezes you!
* * * LOW HITPOINT WARNING * * *
Aiming: Sting (safe; 1% risk of failure)
Press: ? - help, Q - select action, (/) - cycle Shift-Dir - straight line, f/p - ice beast
Aim: an ice beast (almost dead, extremely poisoned, 76% to hit)
The sting hits the ice beast but does no damage.
The ice beast looks as sick as possible!
The ice beast is almost dead.
The ice beast closely misses you.
Aiming: Sting (safe; 1% risk of failure)
Press: ? - help, Q - select action, (/) - cycle Shift-Dir - straight line, f/p - ice beast
Aim: an ice beast (almost dead, extremely poisoned, 76% to hit)
The sting misses the ice beast.
The ice beast hits you.
* * * LOW HITPOINT WARNING * * *
The ice beast freezes you!
You die...

....#.# #.##.# #.. #..♣
♣.# ....#.# #.
#[###'####.#..♣# #♣.#
....#.#
#.##.#.....##.#...♣♣♣..#
###...#
#.##.#.⌠.⌠.##.#........#
..#...#
#.##.'..Y..'..#.####.####
#.#...###.##'#.⌠.⌠.#..#.#
#.....
#.#....##....#.....##.#.#
######
#.#.#..##....###+####.#.#
#.#.#...#.....#Y@# #.#.#
#.#.#.#.........## #.#.#
#.#.#.###>....### #.#.#
#.# #.# ##....# #.#.# #.#
#.# #....# #.#.# #.#
#....# #.#.# #. ######
#.#.######### #.
#W#......W...
#.###########


You could see an ice beast (extremely poisoned).

Vanquished Creatures
  A black bear (D:5)
  An ogre (D:6)
  2 bullfrogs
  A kobold brigand (D:6)
  4 scorpions
  4 orc priests
  5 iguanas
  7 orc wizards
  4 adders
  2 white imps (D:6)
  An ufetubus (D:6)
  15 orcs
  4 bats
  4 endoplasms
  3 giant cockroaches
  2 hobgoblins
  4 jackals (D:1)
  8 kobolds
  4 quokkas
  4 ball pythons
  5 goblins
  3 rats
88 creatures vanquished.

Notes
Turn   | Place    | Note
-------+----------+-------------------------------------------
     0 | D:1      | LustLizard the Deep Elf Venom Mage began the quest for the
                  | Orb.
     0 | D:1      | Reached XP level 1. HP: 10/10 MP: 6/6
   406 | D:1      | Reached XP level 2. HP: 16/16 MP: 0/8
   936 | D:2      | Learned a level 2 spell: Poisonous Vapours
  1086 | D:2      | Found Veqah's Weapon Emporium.
  1144 | D:2      | Found a faded altar of an unknown god.
  1816 | D:2      | Reached XP level 3. HP: 17/20 MP: 1/9
  1991 | D:3      | Found Weack's General Store.
  2181 | D:3      | Learned a level 3 spell: Mephitic Cloud
  2315 | D:3      | Reached skill level 1 in Air Magic
  2350 | D:3      | Reached skill level 4 in Poison Magic
  2699 | D:3      | Reached XP level 4. HP: 21/24 MP: 4/11
  2785 | D:2      | Reached skill level 1 in Fighting
  3284 | D:4      | Noticed a bullfrog
  3291 | D:4      | Killed a bullfrog
  3292 | D:4      | Reached XP level 5. HP: 22/29 MP: 2/12
  3668 | D:4      | Reached XP level 6. HP: 34/34 MP: 6/14
  3977 | D:5      | Entered Level 5 of the Dungeon
  4056 | D:5      | Reached skill level 5 in Poison Magic
  4183 | D:5      | Learned a level 4 spell: Olgreb's Toxic Radiance
  4737 | D:5      | Reached XP level 7. HP: 40/40 MP: 8/16
  5591 | D:6      | Reached skill level 5 in Spellcasting
  5751 | D:6      | Reached skill level 6 in Poison Magic
  5766 | D:5      | HP: 2/40 [scorpion (7)]
  6340 | D:6      | Reached skill level 5 in Stealth
  6376 | D:6      | Reached XP level 8. HP: 37/45 MP: 5/18
  7083 | D:6      | Found a runed translucent gate.
  7084 | D:6      | Found a runed translucent gate.
  7085 | D:6      | Found a runed translucent gate.
  7086 | D:6      | Noticed jejorda2's ghost (novice MfBe)
  7147 | D:6      | Found a staircase to the Ecumenical Temple.
  7158 | Temple   | Entered the Ecumenical Temple
  7221 | Temple   | Became a worshipper of Hepliaklqana the Forgotten
  7261 | D:6      | Slain by an ice beast

Illustrated notes

Levels and vault maps discovered:
D:1:      dpeg_arrival_prison, layout_basic, chequers_arboretum, minmay_domino_2
D:2:      layout_loops_corners, serial_shops, nicolae_shop_getting_attention,
          basic_ecumenical_altar
D:3:      layout_loops_ring, serial_shops, nicolae_shop_tiny_statue_garden,
          minmay_surrounded
D:4:      layout_rooms, minmay_bisected
D:5:      layout_cave_pods
D:6:      layout_basic, minmay_temple_entry_hall, gammafunk_ghost_split,
          hangedman_abyss_or_decor_slice, grunt_ministairs_3,
          minmay_stone_trees_small
Temple:   nicolae_temple_x_marks_the_god

Skill      XL: |  1  2  3  4  5  6  7 |
---------------+----------------------+-----
Air Magic      | 1 2 3 4 |  4.9
Poison Magic   | 4 5 6 |  6.6
Stealth        | 3 4 5 |  5.2
Fighting       | 1 2 |  2.7
Spellcasting   | 4 5 |  5.6
Dodging        | |  2.4
Transmutations | |  1.1

Action                     |  1- 3 |  4- 6 |  7- 9 || total
---------------------------+-------+-------+-------++-------
  Melee: Unarmed           |     5 |       |       ||     5
         Short sword       |     2 |       |       ||     2
         Staff             |     4 |     2 |     6 ||    12
   Cast: Sting             |    84 |    69 |    63 ||   216
         Poisonous Vapours |     1 |    32 |    23 ||    56
         Olgreb's Toxic Ra |       |       |     3 ||     3
         Mephitic Cloud    |       |       |     2 ||     2
    Use: Scroll            |     2 |     1 |     2 ||     5
         Potion            |       |       |     3 ||     3
 Armour: Robe              |    13 |     9 |     9 ||    31
  Dodge: Dodged            |    46 |    22 |    32 ||   100

Table legend: (Time is in decaauts)
 A = Elapsed time spent in this place.
 B = Non-inter-level travel time spent in this place.
 C = Inter-level travel time spent in this place.
 D = Time resting spent in this place.
 E = Time spent auto-exploring this place.
 F = Levels seen in this place.
 G = Mean time per level.
                   A        B        C        D        E       F      G
               +--------+--------+--------+--------+--------+-----+--------+
         Total |   7265 |   6968 |    297 |    344 |   5421 |   7 | 1037.9 |
       Dungeon |   7194 |   6915 |    279 |    344 |   5375 |   6 | 1199.0 |
        Temple |     70 |     52 |     18 |      0 |     46 |   1 |   70.0 |
               +--------+--------+--------+--------+--------+-----+--------+

Top non-repeatable levels by time:
     D:5: 1734 daAuts
     D:6: 1376 daAuts
     D:2: 1187 daAuts
     D:3: 1098 daAuts
     D:4: 971 daAuts
     D:1: 826 daAuts
  Temple: 70 daAuts
